 Dungeon Crawl Stone Soup version 0.31-a0-1074-g0b22e4e0f1 (webtiles) character file.

Game seed: 2839908371410626886

180 horus123 the Digger (level 5, -3/28 HPs)
             Began as a Deep Elf Earth Elementalist on Nov 30, 2023.
             Was an Initiate of Vehumet.
             Slain by Pikel
             ... wielding a +2 whip of freezing
              (11 damage)
             ... on level 4 of the Dungeon.
             The game lasted 00:04:43 (3332 turns).

horus123 the Digger (Deep Elf Earth Elementalist)   Turns: 3332, Time: 00:04:43

Health: -3/28      AC:  3    Str:  5    XL:     5   Next: 33%
Magic:  6/14       EV: 12    Int: 22    God:    Vehumet [......]
Gold:   141        SH:  0    Dex: 15    Spells: 9/14 levels left

rFire   + . .        w - +3 dagger (elec)
rCold   x . .        (no shield)
rNeg    . . .        a - +0 robe
rPois   +            (no helmet)
rElec   .            (no cloak)
rCorr   .            (no gloves)
SInv    .            v - +0 pair of boots
Will    .....        (no amulet)
Stlth   ++           d - ring of poison resistance
HPRegen 0.24/turn    c - ring of fire
MPRegen 0.14/turn

%: no passive effects
@: no status effects
A: no striking features
a: Renounce Religion


You were on level 4 of the Dungeon.
You worshipped Vehumet.
Vehumet was noncommittal.
You visited 2 branches of the dungeon, and saw 5 of its levels.

You collected 141 gold pieces.

Inventory:

Hand Weapons
 r - a +2 short sword of draining
 w - a +3 dagger of electrocution (weapon)
Missiles
 u - 2 throwing nets
Armour
 a - a +0 robe (worn)
 v - a +0 pair of boots (worn)
Jewellery
 c - a ring of fire (right hand)
 d - a ring of poison resistance (left hand)
 x - a +4 ring of slaying
Wands
 g - a wand of iceblast (5)
Scrolls
 e - 2 scrolls of immolation {unknown}
 f - 2 scrolls of fear
 h - 2 scrolls of teleportation
 i - 2 scrolls of blinking
 j - a scroll of poison
 m - a scroll of revelation {unknown}
 n - a scroll of vulnerability {unknown}
 q - a scroll of enchant weapon {unknown}
 s - 2 scrolls of identify
 y - a scroll of fog {unknown}
Potions
 b - a potion of magic
 k - 2 potions of haste {unknown}
 l - a potion of invisibility {unknown}
 o - a potion of brilliance {unknown}
 p - a potion of mutation {unknown}
 t - a potion of enlightenment {unknown}
 z - a potion of lignification {unknown}


   Skills:
 - Level 2.4 Dodging
 - Level 2.4 Stealth
 - Level 5.0 Spellcasting
 - Level 1.1 Transmutations
 + Level 5.8 Earth Magic


You had 9 spell levels left.
You knew the following spells:

 Your Spells              Type           Power      Damage    Failure   Level
a - Sandblast             Erth           62%        2d14      1%          1
b - Stone Arrow           Conj/Erth      36%        3d9       10%         3
c - Foxfire               Conj/Fire      32%        2x1d5     10%         1

Your spell library contained the following spells:

 Spells                   Type           Power      Damage    Failure   Level
 Passwall                 Tmut/Erth      16%        N/A       3%          2
 Petrify                  Tmut/Erth      20%        N/A       24%         4
 Brom's Barrelling Bould  Conj/Erth      18%        2d4       30%         4


Dungeon Overview and Level Annotations

Branches:
Dungeon (4/15)             Temple (1/1) D:4

Altars:
Cheibriados
Dithmenos
Elyvilon
Fedhas
Gozag
Hepliaklqana
Nemelex Xobeh
Qazlal
Sif Muna
Trog
Uskayaw
Vehumet
Wu Jian
Xom
Zin
The Shining One

Annotations:
D:4 Pikel


Message History

The lemure hits you.
The blast of sand hits the lemure!
The lemure is severely wounded.
The lemure closely misses you. The lemure barely misses you.
The blast of sand hits the lemure!
You kill the lemure!
That felt strangely unrewarding.
Pikel, Merchant of Souls comes into view.
He is wielding a +2 whip of freezing.
The blast of sand misses Pikel.
Pikel closely misses you.
The blast of sand misses Pikel.
Pikel hits you with a +2 whip of freezing.
Pikel freezes you. Pikel barely misses you.
The blast of sand misses Pikel.
Pikel misses you.
The blast of sand hits Pikel!
Pikel is moderately wounded.
Pikel hits you with a +2 whip of freezing!
Pikel freezes you.
A lemure comes into view.
Pikel barely misses you.
You are too injured to fight recklessly!
You are too injured to fight recklessly!
Unknown command.
You barely miss Pikel.
Pikel is moderately wounded.
You closely miss Pikel.
Pikel is moderately wounded.
Pikel barely misses you.
You hit Pikel but do no damage. Lightning courses through Pikel!
Pikel is severely wounded.
Pikel hits you with a +2 whip of freezing.
Pikel freezes you.
* * * LOW HITPOINT WARNING * * *
You closely miss Pikel.
Pikel is severely wounded.
Pikel barely misses you.
You closely miss Pikel.
Pikel is severely wounded.
Pikel hits you with a +2 whip of freezing!
You die...
Pikel says, "See you in Hell!"

.# #.# .#
##.###### .#
##.......# .#
#..#####†...
#####†# ##.##
#..
#.....###...##
#.. #5#
#P.P..## #..
#K####.##..#
#..
#@#P#...#P.#
#..
#.....>....#
#..
###P#...#P##
### ####.####
# #P.P# #
#..###########
#.............
#.############
#.#


You could see Pikel and a lemure.

Vanquished Creatures
  2 lemures (D:4)
  A bullfrog (D:4)
  A jelly (D:4)
  2 adders
  3 orcs (D:3)
  6 ball pythons
  5 bats
  8 endoplasms
  2 giant cockroaches
  8 goblins
  3 hobgoblins
  5 jackals (D:2)
  7 kobolds
  5 quokkas
  2 frilled lizards (D:1)
  6 rats
66 creatures vanquished.

Notes
Turn   | Place    | Note
-------+----------+-------------------------------------------
     0 | D:1      | horus123 the Deep Elf Earth Elementalist began the quest
                  | for the Orb.
     0 | D:1      | Reached XP level 1. HP: 10/10 MP: 6/6
   214 | D:1      | Reached XP level 2. HP: 15/15 MP: 7/9
   956 | D:1      | Reached XP level 3. HP: 19/19 MP: 9/11
  1010 | D:1      | Reached skill level 5 in Spellcasting
  1142 | D:1      | Learned a level 3 spell: Stone Arrow
  2439 | D:3      | Found a faded altar of an unknown god.
  2455 | D:3      | Got Plato's Quarto of the Dragon
  2489 | D:3      | Reached XP level 4. HP: 19/24 MP: 13/13
  2889 | D:4      | Noticed a bullfrog
  2935 | D:4      | Killed a bullfrog
  2936 | D:4      | Reached skill level 5 in Earth Magic
  2936 | D:4      | Reached XP level 5. HP: 28/28 MP: 11/14
  2963 | D:4      | Learned a level 1 spell: Foxfire
  3188 | D:4      | Found a staircase to the Ecumenical Temple.
  3222 | Temple   | Entered the Ecumenical Temple
  3283 | Temple   | Became a worshipper of Vehumet
  3314 | D:4      | Noticed a lemure
  3314 | D:4      | Noticed a lemure
  3318 | D:4      | Killed a lemure
  3322 | D:4      | Killed a lemure
  3322 | D:4      | Noticed Pikel
  3326 | D:4      | Noticed a lemure
  3332 | D:4      | Slain by Pikel

Illustrated notes

Levels and vault maps discovered:
D:1:      evilmike_arrival_home_sweet_home, layout_basic
D:2:      layout_basic
D:3:      layout_basic, shapermc_ecumenical_altar_rom_forum,
          kennysheep_generic_room_2
D:4:      minmay_chambers_of_fours, layout_loops_ring,
          minmay_temple_entry_gardened_gates, uniq_pikel
Temple:   eino_temple_rhombus

Skill      XL: |  1  2  3  4 |
---------------+-------------+-----
Spellcasting   | 4 5 |  5.0
Earth Magic    | 4 5 |  5.8
Dodging        | |  2.4
Stealth        | |  2.4
Transmutations | |  1.1

Action                     |  1- 3 |  4- 6 || total
---------------------------+-------+-------++-------
  Melee: Dagger            |     3 |     6 ||     9
   Cast: Sandblast         |    68 |    27 ||    95
    Use: Scroll            |     4 |       ||     4
   Stab: Sleeping          |       |     1 ||     1
 Armour: Robe              |     8 |     7 ||    15
  Dodge: Dodged            |    10 |    12 ||    22

Table legend: (Time is in decaauts)
 A = Elapsed time spent in this place.
 B = Non-inter-level travel time spent in this place.
 C = Inter-level travel time spent in this place.
 D = Time resting spent in this place.
 E = Time spent auto-exploring this place.
 F = Levels seen in this place.
 G = Mean time per level.
                   A        B        C        D        E       F      G
               +--------+--------+--------+--------+--------+-----+--------+
         Total |   3376 |   3294 |     82 |     44 |   2754 |   5 |  675.2 |
       Dungeon |   3299 |   3233 |     66 |     44 |   2754 |   4 |  824.8 |
        Temple |     77 |     61 |     16 |      0 |      0 |   1 |   77.0 |
               +--------+--------+--------+--------+--------+-----+--------+

Top non-repeatable levels by time:
     D:1: 1176 daAuts
     D:2: 882 daAuts
     D:3: 804 daAuts
     D:4: 435 daAuts
  Temple: 77 daAuts
